 Dungeon Crawl Stone Soup version 0.22-a0-422-g9628fc8 (webtiles) character file.

7175 Gorglomux the Protected (level 10, 0/96 HPs)
             Began as a Minotaur Earth Elementalist on May 17, 2018.
             Was a Priest of Okawaru.
             Slain by a wight
             ... wielding a +2 morningstar
              (4 damage)
             ... on level 10 of the Dungeon on May 19, 2018.
             The game lasted 00:20:01 (13704 turns).

Gorglomux the Protected (MiEE)                     Turns: 13704, Time: 00:20:02

Health: 0/96       AC: 13    Str: 15    XL:     10   Next: 86%
Magic:  12/12      EV:  2    Int: 12    God:    Okawaru [***...]
Gold:   415        SH:  0    Dex: 12    Spells: 11/11 levels left

rFire    + . .     SeeInvis .   a - +0 dagger (venom)
rCold    . . .     Gourm    .   (no shield)
rNeg     + + +     Faith    .   H - +0 chain mail
rPois    ∞         Spirit   .   (helmet restricted)
rElec    .         Reflect  .   (no cloak)
rCorr    +         Harm     .   (no gloves)
MR       .....                  U - +0 pair of boots
Stlth    ..........             (no amulet)
HPRegen  0.26/turn              f - ring of protection from fire
MPRegen  0.13/turn              g - ring of resist corrosion

@: petrified, drained
A: retaliatory headbutt, horns 2
a: Heroism, Renounce Religion


You were on level 10 of the Dungeon.
You worshipped Okawaru.
Okawaru was most pleased with you.
You were not hungry.

You visited 2 branches of the dungeon, and saw 11 of its levels.

You collected 445 gold pieces.
You spent 30 gold pieces at shops.

Inventory:

Hand Weapons
 a - a +0 dagger of venom (weapon)
 b - a +2 antimagic war axe
 z - a +0 morningstar of protection
Missiles
 F - 242 stones (quivered)
 Z - 2 throwing nets
Armour
 y - a +0 ring mail
 H - a +0 chain mail (worn)
 U - a +0 pair of boots (worn)
Jewellery
 c - an uncursed ring of protection from cold
 f - a ring of protection from fire (left hand)
 g - a ring of resist corrosion (right hand)
 s - an uncursed ring of see invisible
Wands
 A - a wand of acid (5)
 D - a wand of digging (14)
 P - a wand of paralysis (30)
Scrolls
 u - 2 scrolls of enchant weapon
 x - a scroll of noise {unknown}
 B - 2 scrolls of blinking
 E - 2 scrolls of remove curse
 K - 2 scrolls of fear {unknown}
 M - 2 scrolls of magic mapping
 R - a scroll of identify
 S - a scroll of immolation
 T - 5 scrolls of teleportation
 W - 2 scrolls of enchant armour {unknown}
 X - 3 scrolls of fog
Potions
 w - 2 potions of heal wounds
 C - 3 potions of mutation
 G - 5 potions of flight
 I - a potion of degeneration {unknown}
 J - a potion of brilliance {unknown}
 L - 2 potions of magic {unknown}
 N - 2 potions of lignification {unknown}
 O - a potion of might {unknown}
 Q - 2 potions of curing
 V - a potion of resistance {unknown}
 Y - a potion of experience {unknown}
Comestibles
 d - 14 rations


   Skills:
 - Level 11.4(11.0) Fighting
 + Level 5.7(5.4) Axes
 - Level 11.4(11.0) Armour
 - Level 4.6(4.2) Dodging
 - Level 1.5(1.2) Stealth
 - Level 1.3(1.0) Spellcasting
   Level 0.7(0.4) Transmutations
   Level 2.4(2.0) Earth Magic
 + Level 4.8(4.4) Invocations
 + Level 4.4(4.0) Evocations


You had 11 spell levels left.
You didn't know any spells.
Your spell library contained the following spells:

 Spells                   Type           Power        Failure   Level  Hunger
 Stone Arrow              Conj/Erth      #.....       100%        3    ####...
 Passwall                 Tmut/Erth      #.........   97%         2    ###....
 Lee's Rapid Deconstruct  Erth           #.........   100%        5    ######.
 Sandblast                Erth           #.....       82%         1    ##.....
 Petrify                  Tmut/Erth      #.......     100%        4    #####..


Dungeon Overview and Level Annotations

Branches:
Dungeon (10/15)            Temple (1/1) D:7            Lair (0/6) D:10
    Orc (0/2) D:9

Altars:
Ashenzari
Cheibriados
Dithmenos
Elyvilon
Fedhas
Gozag
Hepliaklqana
Kikubaaqudgha
Makhleb
Nemelex Xobeh
Okawaru
Qazlal
Ru
Sif Muna
Trog
Uskayaw
Vehumet
Wu Jian
Xom
Yredelemnul
Zin
The Shining One
Beogh

Shops:
D:5 ((%=*

Annotations:
D:6 exclusion: oklob plant


Innate Abilities, Weirdness & Mutations

You reflexively headbutt those who attack you in melee.
You have a pair of horns on your head.


Message History

Unknown command!
Unknown butt!
Unknown command!
Unknown command!
Unknown command!
Evoke which item? (* to show all) (? for butt, Esc to quit)
Aiming: Paralyse
Press: ? - help, Shift-Dir - straight line, f - wight
Aim: a wight, wielding an enchanted morningstar and wearing a robe (chance to defeat MR: 58%)
The wight resists with significant effort!
The wight hits you with an enchanted morningstar!!! * * * don't die
* * * You have turned to stone!
The wight hits you with an enchanted morningstar! * * * don't die
* * * The wight hits you with an enchanted morningstar! * * * don't die
* * * The wight hits you but does butt damage!
The wight hits you with an enchanted morningstar!!! rip

.P..P.#.. #.$........
...P..#...# ..
###..#....... .....##
..# .. #......#....(
#...## #.# ..
#....)....... ......
#.##. #..........z.
...... ##....
#......#...). ..#.%.
.#....≈ #z..[..#.....
..
......≈##Zz..........
..
#...≈≈@#.lz..#.#....
.. ##.≈≈##z##...#.#
#.. .. ###
#.###....... . ..#
#...##.. .... ....#
.. ..... ....# .
..... ...... ....
..... ....


You could see a wight.

Vanquished Creatures
  2 two-headed ogres
  An elephant (D:10)
  A troll (D:8)
  A hippogriff (D:10)
  A basilisk (D:10)
  5 yaks
  3 hungry ghosts
  2 steam dragons (D:10)
  6 orc warriors
  A sky beast (D:9)
  An ice beast (D:4)
  A black bear (D:7)
  A phantom (D:10)
  4 ogres
  5 centaurs
  A crocodile (D:9)
  2 big kobolds
  3 bullfrogs
  2 scorpions
  A wyvern skeleton (D:10)
  A water moccasin skeleton (D:9)
  4 wights (D:10)
  8 howler monkeys
  A bullfrog zombie (D:10)
  A quasit (D:7)
  2 crimson imps
  5 orc priests
  A hound (D:4)
  3 bullfrog skeletons
  A jelly (D:10)
  4 worker ants
  2 iguanas (D:9)
  2 orc wizards
  2 hound skeletons (D:4)
  6 gnolls
  5 adders
  2 shadow imps
  A white imp (D:8)
  2 oozes
  An adder zombie (D:5)
  5 worms
  2 dart slugs (D:1)
  5 leopard geckos
  47 orcs
  A bat zombie (D:4)
  4 giant cockroaches
  11 goblins
  7 hobgoblins
  29 kobolds
  9 bats
  2 frilled lizards
  A giant cockroach zombie (D:5)
  A goblin zombie (D:8)
  3 hobgoblin zombies (D:8)
  3 kobold skeletons (D:8)
  2 kobold zombies (D:8)
  A quokka zombie (D:9)
  6 rats
  4 rat zombies (D:4)
241 creatures vanquished.

Notes
Turn   | Place    | Note
-------+----------+-------------------------------------------
     0 | D:1      | Gorglomux the Minotaur Earth Elementalist began the quest for the Orb.
     0 | D:1      | Reached XP level 1. HP: 14/14 MP: 1/1
   353 | D:1      | Reached skill level 1 in Armour
   383 | D:1      | Reached skill level 1 in Fighting
   383 | D:1      | Reached XP level 2. HP: 18/23 MP: 0/3
  1197 | D:1      | Reached XP level 3. HP: 29/29 MP: 4/4
  1410 | D:2      | Found a hide-covered altar of Uskayaw.
  1498 | D:2      | Reached skill level 3 in Dodging
  1501 | D:2      | Found a shimmering altar of Xom.
  1549 | D:2      | Found a sparkling altar of Nemelex Xobeh.
  2343 | D:2      | Reached XP level 4. HP: 21/37 MP: 0/5
  3273 | D:3      | Reached skill level 3 in Fighting
  3273 | D:3      | Reached skill level 3 in Armour
  3309 | D:3      | Reached XP level 5. HP: 26/45 MP: 6/6
  3693 | D:3      | You fall through a shaft for 2 floors!
  3693 | D:5      | Entered Level 5 of the Dungeon
  4029 | D:4      | Noticed an ogre
  4252 | D:3      | You fall through a shaft for 2 floors!
  4253 | D:5      | Found an opulent altar of Gozag.
  4420 | D:4      | Reached XP level 6. HP: 52/52 MP: 7/7
  4916 | D:4      | Found an ancient bone altar of Kikubaaqudgha.
  5285 | D:4      | Reached XP level 7. HP: 45/61 MP: 8/8
  5740 | D:4      | Reached skill level 6 in Armour
  6085 | D:5      | Found Qoliqui's Jewellery Shoppe.
  6156 | D:5      | Reached skill level 6 in Fighting
  6178 | D:5      | Found Boxu's General Store.
  6182 | D:5      | Bought a scroll of fog for 30 gold pieces
  6228 | D:5      | Found Qiwk's Food Boutique.
  6358 | D:5      | Found Toawav's Antique Weapon Shop.
  6387 | D:5      | Found Fowuawi's Antique Weapon Boutique.
  6817 | D:6      | Found a hazy altar of Hepliaklqana.
  6966 | D:6      | Found a radiant altar of Vehumet.
  6966 | D:6      | Noticed an oklob plant
  7387 | D:6      | Reached XP level 8. HP: 60/73 MP: 9/9
  8152 | D:7      | Found a snail-covered altar of Cheibriados.
  8271 | D:7      | Found a staircase to the Ecumenical Temple.
  8388 | Temple   | Entered the Ecumenical Temple
  8841 | D:8      | Found a glowing golden altar of the Shining One.
  8935 | D:8      | Found a glowing silver altar of Zin.
  9030 | D:8      | Found an iron altar of Okawaru.
  9054 | D:8      | Reached skill level 9 in Armour
  9063 | D:8      | Became a worshipper of Warmaster Okawaru
  9218 | D:8      | Found a burning altar of Makhleb.
  9311 | D:8      | Reached skill level 9 in Fighting
  9550 | D:9      | Reached XP level 9. HP: 83/84 MP: 3/10
  9597 | D:9      | Noticed a two-headed ogre
  9624 | D:8      | Found an iron altar of Okawaru.
  9624 | D:8      | Found a radiant altar of Vehumet.
  9624 | D:8      | Found a basalt altar of Yredelemnul.
  9922 | D:8      | Found a sacrificial altar of Ru.
 10230 | D:9      | Found an ornate altar of the Wu Jian Council.
 10314 | D:9      | Noticed a troll
 10359 | D:8      | Killed a troll
 10695 | D:8      | Killed a two-headed ogre
 10695 | D:8      | Reached * piety under Okawaru
 11527 | D:9      | Reached ** piety under Okawaru
 11755 | D:9      | Reached XP level 10. HP: 85/96 MP: 11/11
 11781 | D:9      | Reached skill level 1 in Axes
 11799 | D:9      | Reached skill level 1 in Invocations
 11799 | D:9      | Reached skill level 1 in Evocations
 11832 | D:9      | Noticed a two-headed ogre
 11850 | D:9      | Killed a two-headed ogre
 11890 | D:9      | Reached skill level 3 in Axes
 12235 | D:9      | Found a roughly hewn altar of Beogh.
 12241 | D:9      | Found a staircase to the Orcish Mines.
 12258 | D:9      | Reached skill level 3 in Invocations
 12468 | D:10     | Entered Level 10 of the Dungeon
 12693 | D:9      | Reached *** piety under Okawaru
 12693 | D:9      | Reached skill level 3 in Evocations
 13286 | D:10     | Found a staircase to the Lair.
 13310 | D:10     | Noticed an elephant
 13341 | D:10     | Killed an elephant
 13699 | D:10     | HP: 4/96 [wight/enchanted morningstar (5)]
 13704 | D:10     | Slain by a wight

Vault maps used:
D:1:      dpeg_arrival_solitude, minmay_misc_feat_rugged
D:2:      old_standard_altar, nemelex_altar_shiori,
          nicolae_overflow_crystal_walls, minivault_26,
          kennysheep_generic_room_14
D:4:      kennysheep_kobold_camp, lemuel_zombie_altar_kikubaaqudgha
D:5:      first_ration, serial_shops, nicolae_shop_waterfront, shop_statue,
          nicolae_shop_stone, shop, shop, basic_altar, nicolae_sextant,
          grunt_ministairs_10, minmay_misc_feat_columns
D:6:      marbit_many_paths, lemuel_oklob_altar
D:7:      lemuel_coloured_pillars_altar, minmay_temple_entry_junction
D:8:      kennysheep_little_box, nicolae_overflow_hidden_temple, basic_altar,
          grunt_ogre_cave, nicolae_tso_besieged_by_evil
D:9:      kennysheep_mini_moat, david_orc_5, kennysheep_generic_room_7
D:10:     cheibrodos_steamvent, david_lair_generic, kennysheep_generic_room_3
Temple:   jpeg_temple_island

Skill      XL: |  1  2  3  4  5  6  7  8  9 10 |
---------------+-------------------------------+-----
Armour         | 1 2 3 5 7 9 11 | 11.4
Fighting       | 1 2 3 5 7 9 11 | 11.4
Dodging        | 3 4 |  4.6
Axes           | 5 |  5.7
Invocations    | 4 |  4.8
Evocations     | 4 |  4.4
Stealth        | |  1.5
Spellcasting   | |  1.3
Transmutations | |  0.7
Earth Magic    | |  2.4

Action                   |  1- 3 |  4- 6 |  7- 9 | 10-12 || total
-------------------------+-------+-------+-------+-------++-------
Melee: Unarmed           |   112 |     4 |       |       ||   116
       Headbutt          |    24 |    30 |    74 |    57 ||   185
       Dagger            |       |   195 |   395 |   242 ||   832
       Spear             |       |    25 |       |       ||    25
       War axe           |       |       |    29 |    39 ||    68
       Morningstar       |       |       |       |    15 ||    15
       Punch             |       |       |       |     6 ||     6
Throw: Stone             |       |       |     1 |     3 ||     4
 Cast: Sandblast         |    25 |    16 |       |       ||    41
Invok: Heroism           |       |       |     2 |    11 ||    13
Evoke: Wand              |       |       |     4 |     4 ||     8
  Use: Scroll            |       |     8 |     4 |       ||    12
 Stab: Sleeping          |     4 |       |       |       ||     4
  Eat: Chunk             |     2 |     6 |    22 |    11 ||    41
       Ration            |     1 |     1 |     3 |       ||     5
Armor: Robe              |    11 |       |       |       ||    11
       Ring mail         |     3 |    40 |       |       ||    43
       Chain mail        |       |    46 |   267 |   197 ||   510
Dodge: Dodged            |    64 |   111 |   239 |   157 ||   571

Table legend:
 A = Spawn XP
 B = Non-spawn XP
 C = Spawn XP percentage of total XP
 D = Spawn monster count
 E = Non-spawn monster count
 F = Spawn count percentage of total count
 G = Total turns spent on level
                    A         B        C        D         E        F      G
               +---------+---------+-------+---------+---------+-------+---------
         Total |       0 |   10251 |   0.0 |       0 |     241 |   0.0 | 13704
               +---------+---------+-------+---------+---------+-------+---------
           D:1 |       0 |      48 |   0.0 |       0 |      23 |   0.0 |  1690
           D:2 |       0 |      73 |   0.0 |       0 |      15 |   0.0 |  1378
           D:3 |       0 |     166 |   0.0 |       0 |      39 |   0.0 |  1076
           D:4 |       0 |     659 |   0.0 |       0 |      40 |   0.0 |  1524
           D:5 |       0 |     312 |   0.0 |       0 |      14 |   0.0 |  1347
           D:6 |       0 |     412 |   0.0 |       0 |      10 |   0.0 |   750
           D:7 |       0 |     582 |   0.0 |       0 |      11 |   0.0 |   990
           D:8 |       0 |    1786 |   0.0 |       0 |      17 |   0.0 |  1897
           D:9 |       0 |    3911 |   0.0 |       0 |      53 |   0.0 |  2421
          D:10 |       0 |    2302 |   0.0 |       0 |      19 |   0.0 |   567
               +---------+---------+-------+---------+---------+-------+---------
